 Dungeon Crawl Stone Soup version 0.20.1-1-g8b1a95d66d (webtiles) character file.

48 Ivernyr the Shooter (level 3, 0/30 HPs)
             Began as a Centaur Hunter on Nov 18, 2017.
             Succumbed to Robin's poison
             ... on level 2 of the Dungeon.
             The game lasted 00:03:27 (778 turns).

Ivernyr the Shooter (Centaur Hunter)                 Turns: 778, Time: 00:03:28

Health: 0/30       AC: 12    Str: 14    XL:     3   Next: 50%
Magic:  3/3        EV:  9    Int: 11    God:
Gold:   18         SH:  0    Dex:  9    Spells: 2/2 levels left

rFire    . . .     SeeInvis .   a - +1 shortbow
rCold    . . .     Gourm    .   (shield currently unavailable)
rNeg     . . .     Faith    .   c - +0 leather armour
rPois    .         Spirit   .   e - +2 helmet
rElec    .         Reflect  .   (no cloak)
rCorr    .         Harm     .   (no gloves)
MR       .....     Rnd*Tele +   (no barding)
Stlth    +.........             (no amulet)
Regen    0.1/turn               k - +5 ring of protection
MPRegen  0.1/turn               i - ring of teleportation (curse)

@: lethally poisoned (0 -> -9), very quick
A: hooves 3, deformed body, speed 2, tough skin 3
a: no special abilities


You were on level 2 of the Dungeon.
You were not hungry.

You visited 1 branch of the dungeon, and saw 2 of its levels.

You collected 18 gold pieces.

Inventory:

Hand Weapons
 a - a +1 shortbow (weapon)
Missiles
 d - 30 arrows (quivered)
Armour
 c - a +0 leather armour (worn)
 e - a +2 helmet (worn)
Jewellery
 h - an uncursed ring of wizardry
 i - a cursed ring of teleportation (right hand)
 k - a +5 ring of protection (left hand)
Scrolls
 g - a scroll of remove curse {unknown}
Potions
 b - a potion of cancellation
 j - a potion of haste {unknown}
Comestibles
 f - a bread ration


   Skills:
 + Level 2.5 Fighting
 * Level 6.2 Bows
 - Level 1.3 Dodging
 - Level 0.4 Stealth
 + Level 1.3 Unarmed Combat


You had 2 spell levels left.
You didn't know any spells.

Dungeon Overview and Level Annotations

Branches:
Dungeon (2/15)

Altars:

Annotations:
D:2 Robin


Innate Abilities, Weirdness & Mutations

You have hooves in place of feet.
Armour fits poorly on your strangely shaped body.
You cover ground very quickly.
You have extremely tough skin. (AC +3)


Message History

Aim: Robin, wielding a dagger of venom, wearing an animal skin and wearing a helmet (lightly wounded)
You shoot an arrow. The arrow barely misses Robin.
The arrow hits the rat!
You kill the rat!
* * * LOW HITPOINT WARNING * * *
You feel sick.
Firing (i - inventory):
d - 32 arrows (quivered)
Press: ? - help, Shift-Dir - straight line, f/p - Robin
Aim: Robin, wielding a dagger of venom, wearing an animal skin and wearing a helmet (lightly wounded)
You shoot an arrow. The arrow closely misses Robin.
* * * LOW HITPOINT WARNING * * *
You feel sick.
Firing (i - inventory):
d - 31 arrows (quivered)
Press: ? - help, Shift-Dir - straight line, f/p - Robin
Aim: Robin, wielding a dagger of venom, wearing an animal skin and wearing a helmet (lightly wounded)
You shoot an arrow. The arrow hits Robin.
Robin is moderately wounded.
* * * LOW HITPOINT WARNING * * *
You feel sick.
It was a potion of cancellation.
You feel magically purged.
You die...

..... #(.##
.#.# #.## ..
#.######### .
#.........#
##(........#
#[.......".#
####.g........#
#.............#
#.###@........#
#. #......<..#
.. ...........#
. ##.........#
...########
>..# ...# ....#


You could see Robin.

Vanquished Creatures
  An adder (D:2)
  A worm (D:1)
  4 leopard geckos (D:1)
  A giant cockroach (D:1)
  11 goblins
  4 hobgoblins (D:2)
  3 jackals (D:1)
  2 rats
27 creatures vanquished.

Notes
Turn   | Place    | Note
-------+----------+-------------------------------------------
     0 | D:1      | Ivernyr the Centaur Hunter began the quest for the Orb.
     0 | D:1      | Reached XP level 1. HP: 17/17 MP: 1/1
   135 | D:1      | Reached XP level 2. HP: 20/24 MP: 2/2
   362 | D:1      | Reached skill level 6 in Bows
   683 | D:2      | Noticed Robin
   689 | D:2      | Reached skill level 1 in Unarmed Combat
   703 | D:2      | Reached XP level 3. HP: 30/30 MP: 3/3
   775 | D:2      | HP: 1/30 [poisoned by Robin]
   778 | D:2      | Succumbed to Robin's poison

Skill      XL: |  1  2 |
---------------+-------+-----
Bows           | 6 |  6.2
Unarmed Combat | 1 |  1.3
Fighting       | |  2.5
Dodging        | |  1.3
Stealth        | |  0.4

Action                   || total
-------------------------++-------
Melee: Unarmed           ||    99
       Kick              ||    19
 Fire: Shortbow          ||    12
  Use: Potion            ||     1
Armor: Leather armour    ||    53
Dodge: Dodged            ||    41
